[Event "ICC tourney 2133 (75 10)"]
[Site "Internet Chess Club"]
[Date "2020.11.15"]
[Round "4"]
[White "pianopro32"]
[Black "jy2020"]
[Result "0-1"]
[ICCResult "White resigns"]
[WhiteElo "2011"]
[BlackElo "2223"]
[Opening "Sicilian: Najdorf, Opocensky variation"]
[ECO "B92"]
[NIC "SI.11"]
[Time "10:02:39"]
[TimeControl "4500+10"]

1. e4 c5 2. Nf3 d6 3. d4 cxd4 4. Nxd4 Nf6 5. Nc3 a6 6. Be2 e5 7. Nb3 Be7 8.
O-O O-O 9. Kh1 b6 10. f3 Be6 11. Be3 Nbd7 12. Qe1 b5 13. a3 Rc8 14. Rd1 Qc7
15. Qf2 Rb8 16. Rd2 Nb6 17. Bxb6 Rxb6 18. Nd5 Bxd5 19. exd5 Rbb8 20. Qe3 Nd7
21. f4 Bf6 22. c3 h6 23. Rdd1 Rbe8 24. Bd3 exf4 25. Qxf4 Be5 26. Qf5 g6 27.
Qg4 Nf6 28. Qh4 Kg7 29. Bb1 Qd8 30. Nd4 Bxd4 31. Qxd4 Re5 32. Ba2 h5 33. Rf3
Nd7 34. Rdf1 Qe7 35. c4 f6 36. cxb5 axb5 37. Qb4 Rb8 38. h3 f5 39. Rc1 Nc5
40. Qd4 Kh7 41. b4 Ne4 42. Rc6 h4 43. Kh2 Ng3 44. Rc7 Qxc7 45. Qxh4+ Nh5 46.
g4 Re2+ {White resigns} 0-1

[Event "ICC tourney 2133 (75 10)"]
[Site "Internet Chess Club"]
[Date "2020.11.15"]
[Round "4"]
[White "helavir"]
[Black "Volkov"]
[Result "1-0"]
[ICCResult "Black resigns"]
[WhiteElo "2648"]
[BlackElo "2592"]
[Opening "French: Tarrasch, closed variation, main line"]
[ECO "C06"]
[NIC "FR.17"]
[Time "10:02:13"]
[TimeControl "4500+10"]

1. e4 e6 2. d4 d5 3. Nd2 Nf6 4. e5 Nfd7 5. c3 c5 6. Bd3 Nc6 7. Ne2 cxd4 8.
cxd4 f6 9. exf6 Nxf6 10. Nf3 Bd6 11. O-O O-O 12. Bf4 Bxf4 13. Nxf4 Ng4 14.
Qd2 Qf6 15. Nh5 Qh6 16. Qxh6 Nxh6 17. Ng3 Bd7 18. Bb5 Nf7 19. Rfe1 Rfc8 20.
Rac1 a6 21. Bxc6 Rxc6 22. Rxc6 bxc6 23. Nh5 Rb8 24. b3 Kf8 25. Nf4 Ke7 26.
Nd3 a5 27. Rc1 Kd6 28. Kf1 Ra8 29. Ke1 Ra7 30. Kd2 Be8 31. Kc3 g5 32. h3 h6
33. Kb2 h5 34. g4 hxg4 35. hxg4 Nh6 36. Nfe5 Ng8 37. Rh1 Nf6 38. Nc5 Ne4 39.
Nxe4+ dxe4 40. Nc4+ Kd5 41. Rh8 Re7 42. Kc3 c5 43. Nb6+ Kc6 44. dxc5 Kxc5
45. Nc8 Rf7 46. Rxe8 Rf3+ 47. Kd2 Rxf2+ 48. Ke3 Rxa2 49. Rxe6 Ra3 50. Kxe4
Rxb3 51. Re5+ Kb4 52. Nb6 a4 53. Nxa4 Kxa4 54. Rxg5 Kb4 55. Rd5 Kc4 56. Rd1
Rg3 57. Kf4 Rg2 58. g5 Kc5 59. Kf5 Rf2+ 60. Ke6 Re2+ 61. Kf6 Rf2+ 62. Kg7
Kc6 63. g6 Kc7 64. Kg8 Rg2 65. g7 Rf2 66. Rg1 Kd7 67. Kh7 Rh2+ 68. Kg6 Rh1
69. Rxh1 {Black resigns} 1-0

[Event "ICC tourney 2133 (75 10)"]
[Site "Internet Chess Club"]
[Date "2020.11.15"]
[Round "4"]
[White "e4f5"]
[Black "JasonModer"]
[Result "0-1"]
[ICCResult "White resigns"]
[WhiteElo "2223"]
[BlackElo "2515"]
[Opening "Sicilian: Kan, 5.Nc3"]
[ECO "B43"]
[NIC "SI.41"]
[Time "10:01:53"]
[TimeControl "4500+10"]

1. e4 c5 2. Nf3 e6 3. d4 cxd4 4. Nxd4 a6 5. Nc3 b5 6. Bd3 Qb6 7. Nb3 Qc7 8.
O-O Bb7 9. Qe2 Nc6 10. Be3 Nf6 11. f4 d6 12. a4 b4 13. Nb1 Be7 14. N1d2 O-O
15. a5 e5 16. Nc4 exf4 17. Bxf4 Nd7 18. Be3 Rfe8 19. Nb6 Nxb6 20. axb6 Qc8
21. Na5 Nxa5 22. Rxa5 Bf6 23. Rxf6 gxf6 24. Rf5 Re5 25. Bd4 Qxf5 26. exf5
Rxe2 27. Bxe2 a5 28. b3 a4 29. bxa4 Rxa4 30. Bc4 Ra5 31. g4 Kg7 32. Kf2 h6
33. Ke3 Ra3+ 34. Bb3 Ra5 35. Kd3 Ba6+ 36. Ke4 Bf1 37. h4 Bg2+ 38. Kd3 h5 39.
g5 Rxf5 40. Bxf6+ Kf8 41. Bd5 Bxd5 {White resigns} 0-1

[Event "ICC tourney 2133 (75 10)"]
[Site "Internet Chess Club"]
[Date "2020.11.15"]
[Round "5"]
[White "jsl1996"]
[Black "TjkTiger"]
[Result "1/2-1/2"]
[ICCResult "Game drawn by repetition"]
[WhiteElo "2662"]
[BlackElo "2608"]
[Opening "Grünfeld: modern exchange variation"]
[ECO "D85"]
[NIC "GI.04"]
[Time "13:33:18"]
[TimeControl "4500+10"]

1. d4 Nf6 2. c4 g6 3. Nc3 d5 4. cxd5 Nxd5 5. e4 Nxc3 6. bxc3 Bg7 7. Nf3 c5
8. Bb5+ Nc6 9. O-O O-O 10. Be3 Bg4 11. Bxc6 bxc6 12. Rc1 Rb8 13. dxc5 Qc8
14. h3 Rd8 15. Qe2 Bxf3 16. Qxf3 Qe6 17. h4 Qxa2 18. Ra1 Qc4 19. Rxa7 Qxf1+
20. Kxf1 Rb1+ 21. Ke2 Rb2+ 22. Kf1 Rb1+ 23. Ke2 Rb2+ 24. Kf1 Rb1+ 25. Ke2
Rb2+ {Game drawn by repetition} 1/2-1/2

[Event "ICC tourney 2133 (75 10)"]
[Site "Internet Chess Club"]
[Date "2020.11.15"]
[Round "5"]
[White "Slivovitz"]
[Black "GutsyEdge"]
[Result "1/2-1/2"]
[ICCResult "Game drawn by repetition"]
[WhiteElo "2084"]
[BlackElo "2034"]
[Opening "English: Neo-Catalan declined"]
[ECO "E06"]
[NIC "CA.05"]
[Time "13:32:26"]
[TimeControl "4500+10"]

1. Nf3 d5 2. g3 Nf6 3. Bg2 e6 4. O-O Be7 5. c4 O-O 6. d4 dxc4 7. Qc2 Bd7 8.
Qxc4 Bc6 9. Nc3 Nbd7 10. Rd1 Nb6 11. Qd3 Nbd5 12. Nxd5 Bxd5 13. Ne1 Bxg2 14.
Nxg2 c5 15. dxc5 Qxd3 16. Rxd3 Bxc5 17. Be3 Rac8 18. Bxc5 Rxc5 19. Ne3 h6
20. Rad1 a5 21. Rb3 b5 22. f3 Rfc8 23. Kf2 Kf8 24. Rbd3 Ke7 25. Rd6 R8c7 26.
R6d4 Nd7 27. b4 axb4 28. Rxb4 Ra7 29. Rd2 Nb6 30. Rdb2 Ra5 31. Rd4 Ra3 32.
Rdb4 Ra5 33. Rd4 Rc3 34. Rb3 Rc5 35. Rb2 {Game drawn by repetition} 1/2-1/2

[Event "ICC tourney 2133 (75 10)"]
[Site "Internet Chess Club"]
[Date "2020.11.15"]
[Round "5"]
[White "yangjunboy7"]
[Black "lmperatorX"]
[Result "0-1"]
[ICCResult "White resigns"]
[WhiteElo "1958"]
[BlackElo "2116"]
[Opening "QGD: exchange, positional line, 5...c6"]
[ECO "D35"]
[NIC "QO.16"]
[Time "13:32:33"]
[TimeControl "4500+10"]

1. d4 d5 2. c4 e6 3. Nc3 Nf6 4. cxd5 exd5 5. Bg5 c6 6. e3 Bd6 7. Bd3 O-O 8.
Qc2 h6 9. Bh4 Re8 10. Nge2 a5 11. O-O Bxh2+ 12. Kh1 Bd6 13. Bg3 Bxg3 14.
Nxg3 Ng4 15. Kg1 Qh4 16. Rfe1 Qh2+ 17. Kf1 Nxe3+ 18. Rxe3 Rxe3 19. fxe3 Qxg3
20. Qd2 Nd7 21. Kg1 Nf6 22. Be2 Bg4 23. Rf1 Re8 24. Bf3 Qh4 25. Nd1 b6 26.
Qc3 Re6 27. Qe1 Qxe1 28. Rxe1 Bxf3 29. gxf3 c5 30. dxc5 bxc5 31. Nf2 d4 32.
e4 Nh5 33. Rc1 Rc6 34. Nd3 c4 35. Ne5 Rc5 36. Nxc4 Nf4 37. Kf1 Nd3 38. Rd1
Rxc4 39. Rxd3 Rc1+ 40. Ke2 Rc2+ 41. Kf1 Rxb2 42. Rxd4 Rxa2 43. Rd8+ Kh7 44.
Rd7 f6 45. f4 Ra4 46. Re7 f5 {White resigns} 0-1

[Event "ICC tourney 2133 (75 10)"]
[Site "Internet Chess Club"]
[Date "2020.11.15"]
[Round "5"]
[White "PawnEatingZombi"]
[Black "arsenicblast"]
[Result "1/2-1/2"]
[ICCResult "Game drawn by mutual agreement"]
[WhiteElo "2210"]
[BlackElo "2018"]
[Opening "QGD Slav defense"]
[ECO "D10"]
[NIC "SL.01"]
[Time "13:32:24"]
[TimeControl "4500+10"]

1. d4 d5 2. c4 c6 3. Nc3 Nf6 4. e3 g6 5. Nf3 Bg7 6. Bd3 O-O 7. O-O dxc4 8.
Bxc4 Bg4 9. h3 Bxf3 10. Qxf3 Nbd7 11. Rd1 e5 12. d5 e4 13. Nxe4 Nxe4 14.
Qxe4 Nb6 15. Rb1 Re8 16. Qd3 cxd5 17. Bxd5 Nxd5 18. Qxd5 Qxd5 19. Rxd5 Red8
20. e4 Rxd5 21. exd5 Rd8 22. Be3 Rxd5 23. b3 h5 24. Kf1 Be5 25. Ke2 a6 26.
a4 f5 27. Rc1 Kf7 28. Rc5 Ke6 29. Rxd5 Kxd5 30. Kd3 Bf6 31. f3 Be5 32. Bf2
Bd6 33. Be3 Be5 34. Bf2 Bf4 35. Bb6 {Game drawn by mutual agreement} 1/2-1/2

[Event "ICC tourney 2133 (75 10)"]
[Site "Internet Chess Club"]
[Date "2020.11.15"]
[Round "5"]
[White "Volkov"]
[Black "Aleksandrov73"]
[Result "0-1"]
[ICCResult "White resigns"]
[WhiteElo "2592"]
[BlackElo "2649"]
[Opening "QGD: Janowski variation"]
[ECO "D31"]
[NIC "QP.08"]
[Time "13:34:18"]
[TimeControl "4500+10"]

1. d4 d5 2. c4 e6 3. Nc3 a6 4. cxd5 exd5 5. Nf3 c6 6. h3 Bd6 7. e4 dxe4 8.
Nxe4 Bb4+ 9. Nc3 Nf6 10. Bd3 O-O 11. O-O Be6 12. Ng5 Bd5 13. Be3 h6 14. Nf3
Nbd7 15. a3 Bd6 16. Nh4 Re8 17. Nf5 Bf8 18. Re1 Be6 19. Qf3 Nd5 20. Nxd5
Bxd5 21. Qg3 Kh8 22. Bf4 Re6 23. Rxe6 Bxe6 24. Re1 Bxf5 25. Bxf5 Qa5 26. Re5
Nxe5 27. Bxe5 Kg8 28. Bc2 Qd2 29. Bb3 Re8 30. Qf3 Re7 31. g3 Qxb2 32. h4
Qxa3 33. Kg2 {White resigns} 0-1

[Event "ICC tourney 2133 (75 10)"]
[Site "Internet Chess Club"]
[Date "2020.11.15"]
[Round "5"]
[White "JasonModer"]
[Black "Openyagami"]
[Result "0-1"]
[ICCResult "White resigns"]
[WhiteElo "2498"]
[BlackElo "2605"]
[Opening "Grünfeld with Bf4 & e3"]
[ECO "D93"]
[NIC "GI.03"]
[Time "13:32:44"]
[TimeControl "4500+10"]

1. d4 Nf6 2. c4 g6 3. Nc3 d5 4. Bf4 Bg7 5. e3 O-O 6. Nf3 c5 7. dxc5 Ne4 8.
Rc1 Qa5 9. cxd5 Nd7 10. Nd4 Nxc3 11. bxc3 Qxa2 12. Nb3 a5 13. Bc4 a4 14. Nd2
Qb2 15. O-O Nxc5 16. Rc2 Qb6 17. Qe2 Qa5 18. Rb1 a3 19. Ba2 Bf5 20. e4 Qa4
21. Rcc1 Nxe4 22. Nxe4 Qxe4 23. Qxe4 Bxe4 24. Rb4 Bd3 25. Rxb7 Rfc8 26. d6
exd6 27. Re1 Bc4 28. Bxc4 Rxc4 29. Ra7 Rcc8 30. Rxa8 Rxa8 31. Bd2 a2 32. Ra1
Rb8 {White resigns} 0-1

[Event "ICC tourney 2133 (75 10)"]
[Site "Internet Chess Club"]
[Date "2020.11.15"]
[Round "5"]
[White "GeorgeDai"]
[Black "analyst1"]
[Result "0-1"]
[ICCResult "White resigns"]
[WhiteElo "2043"]
[BlackElo "2478"]
[Opening "King's Indian: East Indian defense"]
[ECO "A48"]
[NIC "QP.06"]
[Time "13:32:38"]
[TimeControl "4500+10"]

1. d4 Nf6 2. Nf3 g6 3. Nc3 d5 4. Bf4 Bg7 5. Nb5 Na6 6. e3 c6 7. Nc3 Nc7 8.
h3 O-O 9. Be2 Ne6 10. Be5 Ne4 11. Bxg7 Nxc3 12. Qd3 Kxg7 13. Qxc3 h6 14. Qb3
a5 15. c4 a4 16. Qc3 Ng5 17. Nxg5 hxg5 18. Bf3 Be6 19. O-O Rh8 20. e4 Rh4
21. exd5 cxd5 22. Rfe1 Rc8 23. c5 Qd7 24. Qe3 Qc7 25. Rad1 g4 26. hxg4 Qh2+
27. Kf1 Bxg4 28. Bxg4 Rxg4 29. Qe5+ Qxe5 30. Rxe5 e6 31. g3 b6 32. cxb6 Rb8
33. Kg2 Re4 34. Rxe4 dxe4 35. d5 exd5 36. Rxd5 Rxb6 37. b3 axb3 38. axb3
Rxb3 39. Re5 f5 40. g4 Kf6 41. Re8 Kg5 42. gxf5 gxf5 43. Rh8 Rb2 44. Rh3 f4
45. Kf1 Kg4 46. Rh8 Rb1+ 47. Ke2 f3+ 48. Kd2 Rb2+ 49. Ke3 Re2+ 50. Kd4 Rxf2
51. Rg8+ Kf4 52. Rf8+ Kg3 53. Rg8+ Kh2 54. Kxe4 Rg2 55. Rh8+ Kg3 56. Rg8+
Kf2 57. Rf8 Rg4+ 58. Kd3 Rg7 59. Kd2 Rd7+ 60. Kc2 Kg2 61. Rg8+ Kf1 62. Rf8
f2 63. Kc3 Rg7 {White resigns} 0-1

[Event "ICC tourney 2133 (75 10)"]
[Site "Internet Chess Club"]
[Date "2020.11.15"]
[Round "5"]
[White "HansNiemann"]
[Black "espark"]
[Result "0-1"]
[ICCResult "White resigns"]
[WhiteElo "2571"]
[BlackElo "2352"]
[Opening "Nimzo-Indian: 4.e3, main line with ...b6"]
[ECO "E52"]
[NIC "NI.06"]
[Time "13:32:29"]
[TimeControl "4500+10"]

1. d4 Nf6 2. c4 e6 3. Nc3 Bb4 4. e3 O-O 5. Bd3 d5 6. Nf3 b6 7. cxd5 exd5 8.
Bd2 Bb7 9. a3 Bd6 10. b4 a6 11. O-O Nbd7 12. Qb3 Qe7 13. Rfc1 Rae8 14. b5 a5
15. Rc2 Qe6 16. a4 Ne4 17. Bc1 Ndc5 18. dxc5 Nxc5 19. Bxh7+ Kxh7 20. Qb1 Kg8
21. Ba3 Qh6 22. h3 Re6 23. Nd4 Rg6 24. Kf1 Qg5 25. f4 Qg3 26. Qe1 Qh2 27.
Qf2 Re8 28. Rd1 Qh1+ 29. Qg1 Qxg1+ 30. Kxg1 Rxe3 31. Kh1 Rgg3 32. Nde2 Rg6
33. Nd4 Nxa4 34. Bxd6 Nxc3 35. Rdc1 Rxd6 36. Rxc3 Rxc3 37. Rxc3 Rd7 38. Kh2
Kf8 39. h4 g6 40. g4 Re7 41. Kg3 Bc8 42. Nc6 Re4 43. Ne5 Be6 44. Rxc7 Re3+
45. Kf2 d4 46. h5 gxh5 47. gxh5 Rh3 48. Rb7 Rxh5 49. Rxb6 Rh2+ 50. Kg3 Rb2
51. Rb7 d3 52. Rb8+ Ke7 53. Nc6+ Kf6 54. Rd8 d2 55. b6 Rxb6 56. Ne5 Rb2 57.
Nf3 a4 58. Nxd2 a3 59. Ne4+ Ke7 60. Ra8 a2 61. Ra7+ Kf8 62. f5 Bxf5 63. Ng5
Bg6 64. Kf4 Kg7 65. Ne6+ Kf6 66. Nd4 Bd3 67. Ra5 Bc4 68. Ke3 Rb1 69. Nc2 Bb3
70. Ra6+ Kg7 {White resigns} 0-1

[Event "ICC tourney 2133 (75 10)"]
[Site "Internet Chess Club"]
[Date "2020.11.15"]
[Round "5"]
[White "Visam"]
[Black "Enamul"]
[Result "1-0"]
[ICCResult "Black resigns"]
[WhiteElo "2617"]
[BlackElo "2466"]
[Opening "Neo-Grünfeld, 6.O-O"]
[ECO "D77"]
[NIC "GI.02"]
[Time "13:32:56"]
[TimeControl "4500+10"]

1. Nf3 d5 2. g3 g6 3. Bg2 Bg7 4. d4 Nf6 5. c4 O-O 6. O-O Nc6 7. cxd5 Nxd5 8.
Nc3 Nb6 9. e3 Re8 10. h3 a5 11. Ne1 e5 12. d5 Nb4 13. a3 Na6 14. e4 c6 15.
h4 cxd5 16. exd5 Nc4 17. Qb3 Nd6 18. Bg5 Nc5 19. Qd1 f6 20. Be3 b6 21. Rc1
Ba6 22. b4 axb4 23. axb4 Nd7 24. Nd3 Nc4 25. b5 Bb7 26. Ne4 Nxe3 27. fxe3
Nf8 28. d6 Kh8 29. Nb4 Bxe4 30. Bxe4 Ra3 31. Rc7 Rxe3 32. Nc6 Qa8 33. d7
Rxe4 34. Ra7 Qxa7 35. dxe8=Q {Black resigns} 1-0

[Event "ICC tourney 2133 (75 10)"]
[Site "Internet Chess Club"]
[Date "2020.11.15"]
[Round "5"]
[White "MrNormalName"]
[Black "pianopro32"]
[Result "1-0"]
[ICCResult "Black resigns"]
[WhiteElo "2183"]
[BlackElo "2009"]
[Opening "QGD semi-Slav: Stoltz variation"]
[ECO "D45"]
[NIC "SL.08"]
[Time "13:33:38"]
[TimeControl "4500+10"]

1. d4 d5 2. c4 c6 3. Nc3 Nf6 4. e3 e6 5. Nf3 Nbd7 6. Qc2 Bd6 7. Be2 O-O 8.
O-O dxc4 9. Bxc4 b5 10. Be2 Bb7 11. e4 e5 12. dxe5 Nxe5 13. Nd4 Ng6 14. Nf5
Bc7 15. Bg5 Qb8 16. Bxf6 gxf6 17. g3 Kh8 18. Rad1 a6 19. Qd2 Rg8 20. Qh6 Bc8
21. Ne7 Rg7 22. Nxc6 Qb6 23. Nd4 Be5 24. Nd5 Qc5 25. b4 Qf8 26. Qh5 Bb7 27.
a3 Bxd5 28. exd5 Rc8 29. Bg4 Rc4 30. Nf5 Rg8 31. d6 Qd8 32. d7 Nf8 33. Nh6
Rg7 34. Nxf7+ Rxf7 35. Qxf7 Rxg4 36. Qxf8+ Qxf8 37. d8=Q Qxd8 38. Rxd8+ Kg7
39. Rd7+ Kg6 40. Ra7 Rc4 41. Rxa6 Bb2 42. Rb1 Rc2 43. Ra5 Bd4 44. Rf1 Kf5
45. Rxb5+ Ke4 46. Re1+ Kd3 47. Rd1+ Ke4 48. Rxd4+ Kxd4 49. Rf5 Ra2 50. Rf4+
Ke5 51. Rf3 Ke4 {Black resigns} 1-0

[Event "ICC tourney 2133 (75 10)"]
[Site "Internet Chess Club"]
[Date "2020.11.15"]
[Round "5"]
[White "Frolik67"]
[Black "e4f5"]
[Result "0-1"]
[ICCResult "White checkmated"]
[WhiteElo "2197"]
[BlackElo "2236"]
[Opening "Sicilian: Smith-Morra gambit"]
[ECO "B21"]
[NIC "SI.48"]
[Time "13:32:29"]
[TimeControl "4500+10"]

1. e4 c5 2. d4 cxd4 3. c3 d3 4. Bxd3 Nc6 5. c4 g6 6. Bd2 Bg7 7. Bc3 Bxc3+ 8.
Nxc3 Nf6 9. Qd2 d6 10. Nge2 O-O 11. f3 e6 12. Bc2 Qe7 13. O-O-O Rd8 14. b3
a6 15. Nd4 e5 16. Nde2 Be6 17. g4 b5 18. Nd5 Bxd5 19. cxd5 Nb8 20. Ng3 Nbd7
21. g5 Nh5 22. Nxh5 gxh5 23. Bd3 Nf8 24. Bf1 Ng6 25. Bh3 a5 26. a3 b4 27. a4
Nf4 28. Bf5 Ra7 29. Kb2 Rc7 30. Rc1 Rxc1 31. Rxc1 Qxg5 32. Qe3 Kh8 33. Rc2
Rg8 34. Qb6 Nd3+ 35. Ka2 Qf6 36. Qxa5 Ne1 37. Rb2 h4 38. Qc7 Nxf3 39. a5 Nd4
40. Qb6 Qd8 41. Qxb4 Qc7 42. Qb6 Qc3 43. a6 Rg1 44. a7 Qe1 45. a8=Q+ Kg7 46.
Qf8+ Kxf8 47. Qxd6+ Kg8 48. Qb8+ Kg7 49. Qxe5+ f6 50. Qe7+ Kh6 51. Qf8+ Kg5
52. Qg7+ Kf4 53. Qh6+ Ke5 54. Qd2 Qa1# {White checkmated} 0-1

[Event "ICC tourney 2133 (75 10)"]
[Site "Internet Chess Club"]
[Date "2020.11.15"]
[Round "5"]
[White "jy2020"]
[Black "helavir"]
[Result "0-1"]
[ICCResult "White resigns"]
[WhiteElo "2215"]
[BlackElo "2636"]
[Opening "Caro-Kann: two knights variation"]
[ECO "B10"]
[NIC "CK.01"]
[Time "13:32:33"]
[TimeControl "4500+10"]

1. e4 c6 2. Nf3 d5 3. Nc3 a6 4. d4 Bg4 5. Be2 e6 6. h3 Bh5 7. O-O Nf6 8.
exd5 cxd5 9. Ne5 Bxe2 10. Qxe2 Nc6 11. Be3 Bd6 12. f4 O-O 13. Qf3 Rc8 14.
Nd1 Ne7 15. c3 Ne4 16. Nf2 f5 17. Rfd1 b5 18. a3 Qc7 19. Rac1 Qb7 20. Qe2
Rc7 21. Kh2 a5 22. g3 Rfc8 23. Kg2 Bxe5 24. fxe5 Qc6 25. Nd3 Qe8 26. Nc5
Nxc5 27. dxc5 a4 28. Bd4 Rb8 29. Rf1 Nc6 30. g4 Qg6 31. Kh2 fxg4 32. hxg4
Na5 33. Rf4 Rf7 34. Rcf1 Rxf4 35. Rxf4 Qg5 36. Kg3 Qe7 37. Qf2 Rc8 38. Qf1
Nc4 39. Qe2 Qe8 40. Rf2 Rc7 41. Kg2 Qg6 42. Kg3 h6 43. Rf4 Rf7 44. Rxf7 Qxf7
45. Kg2 Kf8 46. Qc2 Qf4 47. Qg6 Qe4+ 48. Qxe4 dxe4 49. c6 Ke8 50. Bc5 Nxe5
51. Kg3 g5 52. c7 Kd7 53. Bf8 Kxc7 54. Bxh6 Nf7 55. Bf8 Kc6 56. Kf2 Kd5 57.
Be7 e5 58. Ke3 Ke6 59. Bf8 Kd5 60. Be7 Nh6 61. Bxg5 Nxg4+ 62. Ke2 Kc4 63.
Be7 Nh6 64. Bd6 Kd5 65. Bc7 Nf5 66. Bd8 Nd6 67. Be7 Nc4 68. Bb4 Nxb2 69. Ke3
Nd3 70. Bf8 Nc5 71. Be7 Kc4 72. Bd6 Nd3 73. Kxe4 Kxc3 74. Kd5 Kb3 75. Ke4
Nb2 76. Bxe5 Nc4 {White resigns} 0-1

[Event "ICC tourney 2133 (75 10)"]
[Site "Internet Chess Club"]
[Date "2020.11.15"]
[Round "6"]
[White "Drachekokosnuss"]
[Black "yangjunboy7"]
[Result "1/2-1/2"]
[ICCResult "Game drawn by mutual agreement"]
[WhiteElo "2092"]
[BlackElo "2018"]
[Opening "Caro-Kann: classical, Spassky variation"]
[ECO "B19"]
[NIC "CK.12"]
[Time "17:01:32"]
[TimeControl "4500+10"]

1. e4 c6 2. d4 d5 3. Nd2 dxe4 4. Nxe4 Bf5 5. Ng3 Bg6 6. h4 h6 7. Nf3 Nd7 8.
h5 Bh7 9. Bd3 Bxd3 10. Qxd3 e6 11. Bd2 Ngf6 12. O-O-O Be7 13. Ne4 Nxe4 14.
Qxe4 Nf6 15. Qe2 Qd5 16. Kb1 Qe4 17. Be3 Ng4 18. Nd2 Qf5 19. Nc4 Nxe3 20.
Nxe3 Qa5 21. Rhe1 O-O-O 22. Nc4 Qc7 23. Ne5 Bf6 24. Nf3 Rd7 25. Ne5 Rd6 26.
f4 Rhd8 27. Qe3 c5 28. c3 cxd4 29. cxd4 Kb8 30. Rc1 Qe7 31. Qb3 Bxe5 32.
dxe5 Rd3 33. Qc4 Qd7 34. Re2 Rc8 35. Qxc8+ Qxc8 36. Rxc8+ Kxc8 37. Kc2 Rg3
38. Kd2 Kd7 39. Ke1 {Game drawn by mutual agreement} 1/2-1/2

[Event "ICC tourney 2133 (75 10)"]
[Site "Internet Chess Club"]
[Date "2020.11.15"]
[Round "6"]
[White "analyst1"]
[Black "lmperatorX"]
[Result "1-0"]
[ICCResult "Black resigns"]
[WhiteElo "2486"]
[BlackElo "2112"]
[Opening "Sicilian: Najdorf"]
[ECO "B90"]
[NIC "SI.14"]
[Time "17:01:54"]
[TimeControl "4500+10"]

1. e4 c5 2. Nf3 d6 3. d4 cxd4 4. Nxd4 Nf6 5. Nc3 a6 6. a4 e5 7. Nf3 Qc7 8.
Bg5 Nbd7 9. Nd2 Be7 10. Bc4 O-O 11. O-O b6 12. Qe2 Bb7 13. Rfd1 Rfe8 14. Nf1
h6 15. Bxf6 Nxf6 16. Ne3 Bf8 17. Ncd5 Nxd5 18. Bxd5 Rac8 19. h4 Red8 20. c3
g6 21. h5 Kh7 22. Qf3 Bxd5 23. Nxd5 Qb7 24. Rd3 Bg7 25. Qg4 Bh8 26. Rad1 Rg8
27. Ne3 {Black resigns} 1-0

[Event "ICC tourney 2133 (75 10)"]
[Site "Internet Chess Club"]
[Date "2020.11.15"]
[Round "6"]
[White "IndianTerritory"]
[Black "jsl1996"]
[Result "1-0"]
[ICCResult "Black resigns"]
[WhiteElo "2160"]
[BlackElo "2634"]
[Opening "Caro-Kann: exchange variation"]
[ECO "B13"]
[NIC "CK.02"]
[Time "17:01:36"]
[TimeControl "4500+10"]

1. e4 c6 2. d4 d5 3. exd5 cxd5 4. Bd3 Nf6 5. h3 Nc6 6. c3 g6 7. Nf3 Bf5 8.
Ne5 Bxd3 9. Nxd3 e6 10. O-O Bd6 11. Re1 Qc7 12. f4 Ne4 13. Be3 O-O-O 14. Nd2
h6 15. Rc1 g5 16. c4 gxf4 17. cxd5 exd5 18. Nxf4 Rhg8 19. Nxe4 Bxf4 20. Nc5
Rg3 21. Qd3 Kb8 22. Qb5 Rdg8 23. Bxf4 Rxg2+ 24. Kh1 {Black resigns} 1-0

[Event "ICC tourney 2133 (75 10)"]
[Site "Internet Chess Club"]
[Date "2020.11.15"]
[Round "6"]
[White "espark"]
[Black "e4f5"]
[Result "1/2-1/2"]
[ICCResult "Game drawn by mutual agreement"]
[WhiteElo "2323"]
[BlackElo "2232"]
[Opening "Sicilian: Richter-Rauzer, Rauzer attack"]
[ECO "B63"]
[NIC "SI.27"]
[Time "17:01:37"]
[TimeControl "4500+10"]

1. e4 c5 2. Nf3 d6 3. d4 cxd4 4. Nxd4 Nf6 5. Nc3 Nc6 6. Bg5 e6 7. Qd2 Qb6 8.
Nb3 Be7 9. O-O-O O-O 10. f3 a6 11. h4 Rd8 12. Be3 Qc7 13. Qf2 Nd7 14. g4 b5
15. g5 Nce5 16. Kb1 b4 17. Ne2 a5 18. h5 Nc5 19. Nxc5 dxc5 20. Bh3 Ba6 21.
Bf4 Rxd1+ 22. Rxd1 Rd8 23. Rxd8+ Qxd8 24. Bxe5 Qd2 25. Bf4 Qxe2 26. Qxe2
Bxe2 27. Bg4 c4 28. g6 Bf6 29. Bc7 a4 30. Bd6 b3 31. axb3 axb3 32. Kc1 Bg5+
33. f4 Bxf4+ 34. Bxf4 Bxg4 35. gxf7+ Kxf7 36. cxb3 cxb3 37. h6 gxh6 38. Kd2
h5 39. Bg5 e5 40. Ke3 Ke6 41. Bd8 Kd6 42. Bg5 Bd1 43. Bh4 Bc2 44. Bg5 Ke6
45. Bh4 Kf7 46. Bg5 h6 47. Bh4 Ke6 {Game drawn by mutual agreement} 1/2-1/2

[Event "ICC tourney 2133 (75 10)"]
[Site "Internet Chess Club"]
[Date "2020.11.15"]
[Round "6"]
[White "AlexW2007"]
[Black "MrNormalName"]
[Result "1-0"]
[ICCResult "Black checkmated"]
[WhiteElo "2142"]
[BlackElo "2159"]
[Opening "Catalan: closed, 5.Nf3"]
[ECO "E06"]
[NIC "CA.04"]
[Time "17:02:22"]
[TimeControl "4500+10"]

1. d4 Nf6 2. c4 e6 3. Nf3 d5 4. g3 Be7 5. Bg2 O-O 6. Nbd2 c5 7. dxc5 dxc4 8.
Qc2 Bxc5 9. Qxc4 Qe7 10. O-O Nc6 11. Nb3 Bb6 12. Rd1 Bd7 13. Bg5 Rfd8 14.
Qh4 Rac8 15. Nfd2 h6 16. Bxf6 Qxf6 17. Qxf6 gxf6 18. Ne4 Kg7 19. Nd6 Rb8 20.
Rac1 a5 21. Nc5 Bxc5 22. Rxc5 Kf8 23. Nxb7 Rxb7 24. Bxc6 Rc7 25. Rc3 Ke7 26.
Bxd7 Rcxd7 27. Rxd7+ Rxd7 28. Rc2 f5 29. Kg2 Kf6 30. f4 Rd1 31. h3 h5 32. b3
Ra1 33. Kf3 Ke7 34. e4 fxe4+ 35. Kxe4 Kd6 36. g4 f5+ 37. gxf5 Re1+ 38. Kf3
exf5 39. Rc4 Rd1 40. Ra4 Rd3+ 41. Kg2 Rd5 42. Kg3 Ke6 43. Kh4 Kf6 44. Kxh5
Rd3 45. Kh4 Rd5 46. Rc4 Rd2 47. Rc6+ Ke7 48. a4 Rd3 49. Rc5 Rxb3 50. Rxf5
Rb4 51. Rxa5 Rxf4+ 52. Kg5 Rf1 53. h4 Rg1+ 54. Kh6 Kf7 55. h5 Rc1 56. Kh7
Rc6 57. Ra7+ Kf8 58. a5 Rd6 59. a6 Rd5 60. h6 Rd6 61. Ra8+ Kf7 62. a7 Rd7
63. Kh8 Kg6 64. Rg8+ Kxh6 65. Rg6+ Kxg6 66. a8=Q Rh7+ 67. Kg8 Rg7+ 68. Kf8
Rf7+ 69. Ke8 Rf4 70. Qg2+ Kh5 71. Ke7 Kh4 72. Ke6 Kh5 73. Qh2+ Kg5 74. Qg3+
Rg4 75. Qe5+ Kh6 76. Qh8+ Kg6 77. Qf6+ Kh5 78. Qh8+ Kg6 79. Qg8+ Kh5 80.
Qh7+ Kg5 81. Ke5 Rg3 82. Qg7+ Kh4 83. Qh6+ Kg4 84. Ke4 Rg2 85. Qg6+ Kh3 86.
Qh5+ Kg3 87. Ke3 Rg1 88. Qg5+ Kh2 89. Qh4+ Kg2 90. Ke2 Rh1 91. Qg4+ Kh2 92.
Kf2 Rf1+ 93. Kxf1 Kh1 94. Qh3# {Black checkmated} 1-0

[Event "ICC tourney 2133 (75 10)"]
[Site "Internet Chess Club"]
[Date "2020.11.15"]
[Round "6"]
[White "Slivovitz"]
[Black "GeorgeDai"]
[Result "1/2-1/2"]
[ICCResult "Game drawn by repetition"]
[WhiteElo "2084"]
[BlackElo "2050"]
[Opening "Neo-Grünfeld, 5.Nf3"]
[ECO "D73"]
[NIC "QP.11"]
[Time "17:01:29"]
[TimeControl "4500+10"]

1. Nf3 Nf6 2. g3 d5 3. Bg2 g6 4. d4 Bg7 5. c4 c6 6. cxd5 cxd5 7. Nc3 O-O 8.
O-O b6 9. Ne5 Bb7 10. e3 Nc6 11. f4 e6 12. b3 Re8 13. Ba3 Bf8 14. Bxf8 Rxf8
15. Qd2 Qe7 16. Rfc1 Rfc8 17. Bf3 Ba6 18. Nxd5 Nxd5 19. Nxc6 Qd6 20. Ne5 h5
21. Nc4 Qd7 22. e4 Bxc4 23. bxc4 Ne7 24. e5 Rab8 25. d5 b5 26. cxb5 Rxc1+
27. Rxc1 Nxd5 28. a4 a6 29. Bxd5 axb5 30. Rb1 exd5 31. Qb4 Qa7+ 32. Kg2 Qe3
33. axb5 Qe2+ 34. Kg1 Qe3+ 35. Kg2 Qe2+ 36. Kg1 Qe3+ 37. Kg2 Qe2+
{Game drawn by repetition}
1/2-1/2